 Dungeon Crawl Stone Soup version 0.31.0-1-g2c135a0 (webtiles) character file.

Game seed: 10592699160465051024

14 Yah the Covered (level 2, 19/19 HPs)
             Began as a Gargoyle Fighter on Feb 4, 2024.
             Quit the game on level 1 of the Dungeon.
             The game lasted 00:03:05 (305 turns).

Yah the Covered (Gargoyle Fighter)                   Turns: 305, Time: 00:03:06

Health: 19/19      AC:  9    Str: 19    XL:     2   Next: 41%
Magic:  2/2        EV:  9    Int:  8    God:
Gold:   15         SH:  4    Dex:  9    Spells: 1/1 levels left

rFire   . . .        e - +2 dagger (venom)
rCold   . . .        c - +0 buckler
rNeg    + . .        b - +0 scale mail
rPois   ∞            (no helmet)
rElec   +            (no cloak)
rCorr   .            (no gloves)
SInv    .            (no boots)
Will    .....        (no amulet) Stlth
                     (no ring)
HPRegen 0.23/turn    (no ring)
MPRegen 0.08/turn

%: no passive effects
@: no status effects
A: sickness immunity, AC +2, negative energy resistance 1, electricity
resistance, torment resistance 1, petrification resistance
a: no special abilities


You were on level 1 of the Dungeon.
You visited 1 branch of the dungeon, and saw 1 of its levels.

You collected 15 gold pieces.

Inventory:

Hand Weapons
 a - a +0 flail
 e - a +2 dagger of venom (weapon)
Missiles
 h - 5 stones (quivered)
Armour
 b - a +0 scale mail (worn)
 c - a +0 buckler (worn)
Scrolls
 f - a scroll of fear {unknown}
 i - a scroll of immolation {unknown}
 j - a scroll of enchant weapon {unknown}
Potions
 d - a potion of might
 g - a potion of curing {unknown}


   Skills:
 + Level 3.4 Fighting
 + Level 0.4 Short Blades
 + Level 2.2 Maces & Flails
 + Level 3.4 Armour
 + Level 3.4 Shields


You had one spell level left.
You didn't know any spells.
Your spell library was empty.

Dungeon Overview and Level Annotations

Branches:
Dungeon (1/15)

Altars:


Innate Abilities, Weirdness & Mutations

You are immune to sickness and miasma.
Your stone body is resilient. (AC +2)
You are immune to poison.
You resist negative energy. (rN+)
You are resistant to electric shocks. (rElec)
You are resistant to unholy torment.
You are immune to petrification.


Message History

The bat hits you but does no damage.
You closely miss the bat. The bat hits you but does no damage.
You block the bat's attack.
You closely miss the bat. The bat hits you but does no damage. x2
The bat closely misses you.
You hit the bat.
The bat is poisoned.
The bat is heavily wounded.
The bat hits you but does no damage.
You kill the bat!
A dart slug comes into view.
Found a scroll labelled ISADWU SAOMMA.
You hit the dart slug.
The dart slug is heavily wounded.
The dart slug bites you but does no damage.
You completely miss the dart slug.
The dart slug is heavily wounded.
You block the dart slug's attack.
You hit the dart slug.
The dart slug is poisoned.
The dart slug is severely wounded.
You kill the dart slug!
Things that are here:
a dart slug corpse; a bat corpse
i - a scroll labelled ISADWU SAOMMA
There is a faded altar of an unknown god here.
This altar belongs to (a) Gozag, (b) Uskayaw or (c) Ashenzari, but you can't tell which.
Press the corresponding letter to learn more about a god, or press enter to convert or escape to cancel.
Okay, then.
Found a scroll labelled YXTAIL JUISU.
Found a mace.
j - a scroll labelled YXTAIL JUISU You see here a +0 mace.
Found a robe.
You see here a +0 robe.
You see here a +0 robe.
You see here a +0 mace.
A ball python comes into view.
The ball python hisses angrily.
You hit the ball python.
You kill the ball python!
You see here a ball python corpse.
Are you sure you want to abandon this character and quit the game? (Confirm with "yes".)

#.#######..........##.#
#...)........#.....##.#
#..#######.#...######.#
#..# ##.##..# #.# #..#
#P.P#.#######.# #..#
##≈.≈##........# #..#
###≈≈.≈≈##########
#..###P≈≈≈.≈≈≈P###
#.........@......#
###P≈≈≈.≈≈≈P#.#
###≈≈.≈≈### # ##≈.≈##
#P.P# ..... ♣...♣ ..8..


There were no monsters in sight!

Vanquished Creatures
  A dart slug (D:1)
  A bat (D:1)
  An endoplasm (D:1)
  A goblin (D:1)
  3 quokkas (D:1)
  2 ball pythons (D:1)
  A kobold (D:1)
  A rat (D:1)
11 creatures vanquished.

Notes
Turn   | Place    | Note
-------+----------+-------------------------------------------
     0 | D:1      | Yah the Gargoyle Fighter began the quest for the Orb.
     0 | D:1      | Reached XP level 1. HP: 14/14 MP: 1/1
   139 | D:1      | Reached XP level 2. HP: 18/19 MP: 2/2
   172 | D:1      | Found a faded altar of an unknown god.
   305 | D:1      | Quit the game

Illustrated notes

Levels and vault maps discovered:
D:1:      scummos_arrival_simple_fountains, layout_loops_ring,
          basic_ecumenical_altar, dreamdust_princess_bridge

Action                     || total
---------------------------++-------
  Melee: Dagger            ||    27
         Flail             ||     2
 Armour: Scale mail        ||    25
  Dodge: Dodged            ||    17
  Block: Buckler           ||     7
